 Dungeon Crawl Stone Soup version 0.20.1-1-g8b1a95d (webtiles) character file.

574 Monsterracer the Conjurer (level 7, -1/52 HPs)
             Began as a Barachi Wizard on Aug 19, 2017.
             Slain by Pikel
             ... wielding a +2 whip of flaming
              (5 damage)
             ... on level 3 of the Dungeon.
             The game lasted 00:11:15 (4402 turns).

Monsterracer the Conjurer (Barachi Wizard)          Turns: 4402, Time: 00:11:16

Health: -1/52      AC:  3    Str:  8    XL:     7   Next: 35%
Magic:  2/13       EV: 13    Int: 20    God:
Gold:   311        SH:  0    Dex: 16    Spells: 3/14 levels left

rFire    . . .     SeeInvis .   k - +4 quarterstaff
rCold    . . .     Gourm    .   (shield currently unavailable)
rNeg     . . .     Faith    .   a - +0 robe
rPois    .         Spirit   .   b - +0 hat
rElec    .         Reflect  .   (no cloak)
rCorr    .         Harm     .   (no gloves)
MR       .....                  u - +0 pair of boots
Stlth    ++........             (no amulet)
Regen    0.2/turn               o - +5 ring of dexterity
MPRegen  0.2/turn               (no ring)

@: very slightly contaminated, slow
A: +LOS, swims, slowness 1, strong legs 1
a: Hop


You were on level 3 of the Dungeon.
You were hungry.

You visited 1 branch of the dungeon, and saw 4 of its levels.
You also visited: Sewer.

You collected 311 gold pieces.

Inventory:

Hand Weapons
 k - a +4 quarterstaff (weapon)
Missiles
 v - a throwing net (quivered)
Armour
 a - a +0 robe (worn)
 b - a +0 hat (worn)
 p - a +1 ring mail of positive energy
 u - a +0 pair of boots (worn)
Jewellery
 o - a +5 ring of dexterity (left hand)
Wands
 w - a wand of flame (30/48)
Scrolls
 c - a scroll of blinking
 r - a scroll of remove curse
Potions
 f - a potion of resistance
 i - 3 potions of agility
 j - a potion of flight
 n - a potion of haste
 q - 3 potions of curing
 t - 2 potions of might
 x - a potion of heal wounds
Comestibles
 d - 2 bread rations
 g - a royal jelly
 h - 3 meat rations
 s - 11 fruits


   Skills:
 + Level 3.4 Fighting
 + Level 0.0 Staves
 - Level 2.1 Dodging
 - Level 1.7 Stealth
 + Level 4.3 Spellcasting
 * Level 6.9 Conjurations
 - Level 1.2 Summonings
 - Level 1.1 Translocations


You had 3 spell levels left.
You knew the following spells:

 Your Spells              Type           Power        Failure   Level  Hunger
a - Magic Dart            Conj           ####         1%          1    None
b - Conjure Flame         Conj/Fire      ###.....     9%          3    ###....
c - Mephitic Cloud        Conj/Pois/Air  ##......     14%         3    ###....
d - Call Imp              Summ           #.......     12%         2    #......
e - Blink                 Tloc           N/A          12%         2    #......


Dungeon Overview and Level Annotations

Branches:
Dungeon (4/15)
 Temple: D:4-7

Altars:
Cheibriados
Dithmenos
Qazlal
Uskayaw
Zin

Annotations:
D:3 Pikel


Innate Abilities, Weirdness & Mutations

Shadows flee at your approach. (+LOS)
You can swim through water.
You cover ground slowly.
You can hop short distances.


Message History

Pikel is lightly wounded.
Pikel hits you with a whip of flaming!
* * * LOW HITPOINT WARNING * * *
Pikel burns you.
* * * LOW HITPOINT WARNING * * *
Your crimson imp hits Pikel.
Your white imp hits Pikel but does no damage.
Pikel barely misses you.
Huge Dmg: -22%(-11hp) hp: 27%(14hp)
Your crimson imp blinks!
Your white imp hits Pikel.
Your white imp freezes Pikel.
The slave misses your white imp.
Your white imp gestures at Pikel.
The puff of frost hits Pikel.
Pikel appears unharmed.
Your crimson imp hits Pikel but does no damage.
Your crimson imp blinks!
Pikel hits you with a whip of flaming!
* * * LOW HITPOINT WARNING * * *
Pikel burns you.
You die...

######### ####.#8#.#_## #
#8.#.#.#.#.8###### #####
#######_...............# #...#
#....##⌠.@K5..5.5.p....# #...#
#....##_.#.#.#.#.8.....###
....####....###.#_#8###_#........
...#.........############........
.................................
...........................>[....
#.##...............#...#.##......
##.................#...#.##.[....
#.........###......#...#.##......


You could see Pikel, 2 friendly crimson imps and a friendly white imp.

Vanquished Creatures
  2 slaves (D:3)
  Purgy (Sewer)
  A phantom (D:4)
  A hound (D:4)
  2 orc priests (D:3)
  A jelly (D:4)
  A worker ant (D:3)
  10 adders
  A shadow imp (D:4)
  2 dart slugs
  5 leopard geckos (D:3)
  11 orcs
  3 ball pythons
  5 giant cockroaches
  9 goblins
  9 hobgoblins
  2 jackals (Sewer)
  11 kobolds
  3 quokkas
  8 bats
  5 frilled lizards
  6 rats
99 creatures vanquished.

Vanquished Creatures (collateral kills)
  Duvessa (D:4)
  Dowan (D:4)
2 creatures vanquished.

Grand Total: 101 creatures vanquished

Notes
Turn   | Place    | Note
-------+----------+-------------------------------------------
     0 | D:1      | Monsterracer the Barachi Wizard began the quest for the Orb.
     0 | D:1      | Reached XP level 1. HP: 13/13 MP: 4/4
   153 | D:1      | Reached skill level 2 in Conjurations
   204 | D:1      | Reached XP level 2. HP: 17/19 MP: 1/6
   612 | D:1      | Reached skill level 3 in Conjurations
   612 | D:1      | Reached XP level 3. HP: 24/24 MP: 1/7
   617 | D:1      | Learned a level 3 spell: Conjure Flame
   621 | D:1      | Learned a level 3 spell: Mephitic Cloud
  1381 | D:2      | Reached skill level 4 in Conjurations
  1394 | D:2      | Reached XP level 4. HP: 30/30 MP: 2/8
  1398 | D:2      | Learned a level 2 spell: Call Imp
  2221 | D:3      | Reached XP level 5. HP: 36/36 MP: 9/9
  2260 | D:3      | HP: 18/36 [giant cockroach (1)]
  2265 | D:3      | Reached skill level 5 in Conjurations
  2309 | D:3      | Reached skill level 1 in Fighting
  2324 | D:3      | HP: 17/37 [orc/hand axe (2)]
  2329 | D:3      | Found a glowing drain.
  2336 | Sewer    | Entered a sewer
  2621 | Sewer    | Noticed Purgy
  2642 | Sewer    | Killed Purgy
  2859 | D:3      | HP: 17/38 [orc/hand axe (8)]
  2860 | D:3      | Reached XP level 6. HP: 20/44 MP: 5/11
  2866 | D:3      | Learned a level 2 spell: Blink
  3563 | D:3      | Found a shadowy altar of Dithmenos.
  3574 | D:3      | Found a snail-covered altar of Cheibriados.
  3577 | D:3      | Found a stormy altar of Qazlal.
  3577 | D:3      | Found a glowing silver altar of Zin.
  3581 | D:3      | Found a hide-covered altar of Uskayaw.
  3712 | D:4      | Noticed Duvessa
  3716 | D:4      | Noticed Dowan
  3722 | D:4      | HP: 23/46 [Duvessa/short sword (7)]
  3728 | D:4      | Killed Duvessa
  3728 | D:4      | Reached skill level 6 in Conjurations
  3739 | D:4      | Killed Dowan
  3741 | D:4      | HP: 12/46 [acid (3)]
  3743 | D:4      | Reached XP level 7. HP: 14/52 MP: 0/13
  4230 | D:4      | Noticed Pikel
  4394 | D:3      | HP: 25/52 [Pikel/whip of flaming (2)]
  4402 | D:3      | HP: 4/52 [Pikel/whip of flaming (11)]
  4402 | D:3      | Slain by Pikel

Skill      XL: |  1  2  3  4  5  6 |
---------------+-------------------+-----
Conjurations   | 2 3 4 5 6 |  6.9
Fighting       | 1 3 |  3.4
Spellcasting   | 4 |  4.3
Dodging        | |  2.1
Stealth        | |  1.7
Summonings     | |  1.2
Translocations | |  1.1

Action                   |  1- 3 |  4- 6 |  7- 9 || total
-------------------------+-------+-------+-------++-------
Melee: Whip              |     4 |       |       ||     4
       Short sword       |     2 |     2 |       ||     4
       Spear             |       |    42 |       ||    42
       Quarterstaff      |       |    14 |     8 ||    22
 Cast: Magic Dart        |    74 |   100 |    41 ||   215
       Mephitic Cloud    |       |     7 |     2 ||     9
       Call Imp          |       |     6 |     3 ||     9
  Use: Scroll            |     2 |     7 |     6 ||    15
 Stab: Confused          |       |     2 |       ||     2
  Eat: Chunk             |     2 |     8 |     2 ||    12
Armor: Robe              |     4 |    12 |     4 ||    20
Dodge: Dodged            |    16 |   101 |    21 ||   138
